 Dungeon Crawl Stone Soup version 0.30-a0-321-gf7783e6616 (webtiles) character file.

Game seed: 14572201589846789963

272 Bnni the Shield-Bearer (level 6, -9/49 HPs)
             Began as a Formicid Fighter on Oct 27, 2022.
             Was an Initiate of Okawaru.
             Mangled by an ogre
             ... wielding a +0 giant spiked club
              (24 damage)
             ... on level 4 of the Dungeon.
             The game lasted 00:05:27 (3432 turns).

Bnni the Shield-Bearer (Formicid Fighter)           Turns: 3432, Time: 00:05:28

Health: -9/49      AC: 10    Str: 23    XL:     6   Next: 48%
Magic:  6/6        EV:  7    Int:  7    God:    Okawaru [......]
Gold:   198        SH:  5    Dex: 13    Spells: 5/5 levels left

rFire   . . .      SeeInvis +    a - +0 war axe
rCold   . . .      Faith    .    c - +0 buckler
rNeg    . . .      Spirit   .    p - +0 chain mail
rPois   .          Reflect  .    (helmet unavailable)
rElec   .          Harm     .    (no cloak)
rCorr   .          Rampage  .    n - +0 pair of gloves
Will    .....                    (no boots)
Stlth   ..........               (no amulet)
HPRegen 0.28/turn                (no ring)
MPRegen 0.10/turn                (no ring)

@: no status effects
A: permanent stasis, dig shafts and tunnels, antennae 3, four strong arms
a: Dig, Shaft Self, Renounce Religion


You were on level 4 of the Dungeon.
You worshipped Okawaru.
Okawaru was noncommittal.
You visited 1 branch of the dungeon, and saw 4 of its levels.
You also visited: Sewer.

You collected 198 gold pieces.

Inventory:

Hand Weapons
 a - a +0 war axe (weapon)
 q - a +1 short sword of venom
Missiles
 h - 2 poisoned darts
Armour
 c - a +0 buckler (worn)
 i - a +2 tower shield
 n - a +0 pair of gloves (worn)
 p - a +0 chain mail (worn)
Jewellery
 x - a ring of fire
Scrolls
 b - 2 scrolls of blinking {unknown}
 f - a scroll of teleportation {unknown}
 m - a scroll of acquirement {unknown}
 o - 2 scrolls of vulnerability {unknown}
 s - 2 scrolls of immolation {unknown}
 t - 2 scrolls of enchant armour {unknown}
 u - a scroll of amnesia {unknown}
Potions
 d - 5 potions of might
 e - a potion of cancellation
 g - a potion of resistance
 j - a potion of heal wounds
 k - a potion of ambrosia {unknown}
 l - a potion of magic {unknown}
 r - a potion of brilliance
 v - a potion of mutation {unknown}
 w - 4 potions of flight


   Skills:
 + Level 4.7 Fighting
 * Level 4.8 Axes
 - Level 3.2 Armour
 + Level 5.0 Shields
 + Level 1.2 Invocations


You had 5 spell levels left.
You didn't know any spells.
Your spell library was empty.

Dungeon Overview and Level Annotations

Branches:
Dungeon (4/15)              Sewer (visited)
 Temple: D:4-7

Altars:
Okawaru
Ru
Vehumet
Wu Jian

Shops:
D:1 !   D:4 *


Innate Abilities, Weirdness & Mutations

You cannot be hasted, slowed, berserked, paralysed or teleported.
You can dig through walls and to a lower floor.
You have a pair of large antennae on your head. (SInv)
Your four strong arms can wield two-handed weapons with a shield.


Message History

Press: ? - help, Shift-Dir - straight line, f/p - ogre
Aim: an ogre, wielding a +0 giant spiked club (74% to hit)
You throw a poisoned dart. The poisoned dart hits the ogre.
The ogre is poisoned.
Throw: 4 darts (poison)
Press: ? - help, Shift-Dir - straight line, f/p - ogre
Aim: an ogre, wielding a +0 giant spiked club (poisoned, 74% to hit)
You throw a poisoned dart. The poisoned dart hits the ogre.
The ogre looks even sicker.
Okay, then.
Unknown command.
Throw: 3 darts (poison)
Press: ? - help, Shift-Dir - straight line, f/p - ogre
Aim: an ogre, wielding a +0 giant spiked club (lightly wounded, very poisoned, 74% to hit)
You throw a poisoned dart. The poisoned dart hits the ogre.
The ogre is lightly wounded.
You hit the ogre.
The ogre is moderately wounded.
The ogre hits you with a +0 giant spiked club!!
Ouch! That really hurt!
You are too injured to fight recklessly!
Okay, then.
You feel much better. The ogre barely misses you.
You hit the ogre.
The ogre is heavily wounded.
You block the ogre's attack.
You hit the ogre.
The ogre is severely wounded.
You barely miss the ogre.
The ogre is severely wounded.
The ogre hits you with a +0 giant spiked club!!
Ouch! That really hurt!
A ball python comes into view.
You completely miss the ogre.
The ogre is severely wounded.
The ogre hits you with a +0 giant spiked club.
You hit the ogre but do no damage.
The ogre is severely wounded.
The ogre hits you with a +0 giant spiked club!!
You die...

#.§≈. .≈.#
#..≈.#####.≈.#
#.§≈§......§§#
#.§≈≈≈§≈§≈§§§#
#.§§§.§...§..
#..$....§..###
..S(((.......#
#O@# ##.### # #
#...# .#..
###.##.....
########........
..(...#......#.#
#...###.##
#####.∩.###.#
.......)))...#


You could see an ogre (poisoned) and a ball python.

Vanquished Creatures
  An orc priest (D:3)
  10 adders
  4 river rats (Sewer)
  A dart slug (D:1)
  5 worms
  9 orcs
  10 bats
  5 endoplasms
  4 giant cockroaches
  9 goblins
  3 hobgoblins
  A jackal (Sewer)
  10 quokkas
  6 ball pythons
  5 frilled lizards
  5 kobolds
  9 rats
97 creatures vanquished.

Notes
Turn   | Place    | Note
-------+----------+-------------------------------------------
     0 | D:1      | Bnni the Formicid Fighter began the quest for the Orb.
     0 | D:1      | Reached XP level 1. HP: 18/18 MP: 1/1
   128 | D:1      | Reached XP level 2. HP: 24/24 MP: 2/2
   875 | D:1      | Found Puumom's Distillery.
  1001 | D:2      | Reached XP level 3. HP: 23/29 MP: 3/3
  1657 | D:2      | Reached XP level 4. HP: 33/37 MP: 4/4
  1839 | D:3      | Found a sacrificial altar of Ru.
  1938 | D:3      | Found an iron altar of Okawaru.
  1946 | D:3      | Became a worshipper of Warmaster Okawaru
  1990 | D:3      | Found a glowing drain.
  1996 | Sewer    | Entered a sewer
  2150 | Sewer    | Reached XP level 5. HP: 39/42 MP: 5/5
  2157 | Sewer    | Reached skill level 5 in Shields
  2688 | D:3      | Found a radiant altar of Vehumet.
  2691 | D:3      | Reached XP level 6. HP: 35/49 MP: 6/6
  3295 | D:4      | Reached skill level 1 in Invocations
  3367 | D:4      | Found an ornate altar of the Wu Jian Council.
  3393 | D:4      | Found Siepteh's General Store.
  3421 | D:4      | Noticed an ogre
  3432 | D:4      | Mangled by an ogre

Illustrated notes

Levels and vault maps discovered:
D:1:      dpeg_arrival_court, layout_loops_corners, serial_shops,
          nicolae_shop_stone, minivault_5, minmay_octomino_c4
D:2:      layout_loops_ring, glass_columns_a, kennysheep_minor_cross
D:3:      layout_loops_ring, nicolae_ru_sacrificial_ziggurat,
          okawaru_gym_becter, nicolae_vehumet_radiance, gup_sewer_entry_bubbles
D:4:      layout_basic, general_overflow_altar, mainiacjoe_overflow_brackets,
          tso_metal_star, serial_shops, shop_statue, shop, nicolae_shop_stone,
          kennysheep_mini_moat, uniq_crazy_yiuf_cottage, uniq_blork_the_orc

Skill      XL: |  1  2  3  4  5  6 |
---------------+-------------------+-----
Axes           | 3 4 |  4.8
Fighting       | 4 |  4.7
Shields        | 5 |  5.0
Invocations    | 1 |  1.2
Armour         | |  3.2

Action                   |  1- 3 |  4- 6 || total
-------------------------+-------+-------++-------
Melee: War axe           |    89 |   195 ||   284
Throw: Dart              |       |     4 ||     4
 Abil: Dig               |       |     1 ||     1
  Use: Potion            |       |     4 ||     4
       Scroll            |       |     5 ||     5
Armor: Scale mail        |    17 |       ||    17
       Chain mail        |    26 |   132 ||   158
Dodge: Dodged            |    37 |    97 ||   134
Block: Buckler           |    21 |    69 ||    90

Table legend: (Time is in decaauts)
 A = Elapsed time spent in this place.
 B = Non-inter-level travel time spent in this place.
 C = Inter-level travel time spent in this place.
 D = Time resting spent in this place.
 E = Time spent auto-exploring this place.
 F = Levels seen in this place.
 G = Mean time per level.
                   A        B        C        D        E       F      G
               +--------+--------+--------+--------+--------+-----+--------+
         Total |   3660 |   3548 |    112 |      0 |   2665 |   5 |  732.0 |
       Dungeon |   2914 |   2802 |    112 |      0 |   2244 |   4 |  728.5 |
         Sewer |    746 |    746 |      0 |      0 |    421 |   1 |  746.0 |
               +--------+--------+--------+--------+--------+-----+--------+

Top non-repeatable levels by time:
     D:1: 993 daAuts
     D:3: 912 daAuts
     D:2: 831 daAuts
   Sewer: 746 daAuts
     D:4: 177 daAuts
